MID
DAYTON DRAGONS @ ATLANTA (MID) BRAVES
08/13/2048
 
TOP OF THE 1ST
Dayton Dragons batting - Pitching for Atlanta (MID) Braves : RHP Ruben Valle
Pitching: RHP Ruben Valle
Batting: RHB Jake Savell 0-0: Called Strike
0-1: Ground out 6-3 (Groundball, 6, EV 88.1 MPH)
Batting: LHB Chris Redhead 0-0: Ball
1-0: Called Strike
1-1: Ground out 6-3 (Groundball, 56, EV 81.2 MPH)
Batting: RHB Andy Bachman 0-0: Ball
1-0: Called Strike
1-1: Ball
2-1: Called Strike
2-2: Strikes out swinging
Top of the 1st over - 0 runs, 0 hits, 0 errors, 0 left on base; Dayton 0 - Atlanta (MID) 0
BOTTOM OF THE 1ST
Atlanta (MID) Braves batting - Pitching for Dayton Dragons : RHP Gil Villanueva
Pitching: RHP Gil Villanueva
Batting: RHB Toki Takeuchi 0-0: Called Strike
0-1: Ball
1-1: Swinging Strike
1-2: Ball
2-2: Foul Ball, location: 2F
2-2: Ball
3-2: Strikes out looking
Batting: RHB Badr al Din Ridha 0-0: Ball
1-0: Foul Ball, location: 2F
1-1: Swinging Strike
1-2: Foul Ball, location: 2F
1-2: Foul Ball, location: 2F
1-2: Foul Ball, location: 2F
1-2: Strikes out swinging
Batting: SHB Richello Badua 0-0: Ball
1-0: Called Strike
1-1: Foul Ball, location: 2F
1-2: Ground out 4-3 (Groundball, 34, EV 84.4 MPH)
Bottom of the 1st over - 0 runs, 0 hits, 0 errors, 0 left on base; Dayton 0 - Atlanta (MID) 0
TOP OF THE 2ND
Dayton Dragons batting - Pitching for Atlanta (MID) Braves : RHP Ruben Valle
Batting: RHB Juan Zamora 0-0: Ball
1-0: Ball
2-0: DOUBLE (Groundball, 5L, EV 108.1 MPH)
Batting: LHB Leo Gomez 0-0: Called Strike
0-1: Swinging Strike
0-2: Strikes out looking
Batting: LHB Jeremy Robertson 0-0: Ball
1-0: Called Strike
1-1: Foul Ball, location: 2F
1-2: Strikes out swinging
Batting: RHB Chris Zamora 0-0: Swinging Strike
0-1: Ball
1-1: Ball
2-1: Foul Ball, location: 2F
2-2: Fly out, F7 (Line Drive, 78M, EV 89.4 MPH)
Top of the 2nd over - 0 runs, 1 hit, 0 errors, 1 left on base; Dayton 0 - Atlanta (MID) 0
BOTTOM OF THE 2ND
Atlanta (MID) Braves batting - Pitching for Dayton Dragons : RHP Gil Villanueva
Batting: LHB Oke Monti 0-0: Ball
1-0: Foul Ball, location: 2F
1-1: Ball
2-1: DOUBLE (Groundball, 5L, EV 94.4 MPH)
Batting: LHB Ryan Murdock 0-0: Ball
1-0: Called Strike
1-1: Foul Ball, location: 2F
1-2: Ball
2-2: Fly out, F3 (Line Drive, 3, EV 66.9 MPH)
Batting: RHB Nick Holsinger 0-0: Fly out, F9 (Flyball, 9, EV 88.8 MPH)
Batting: RHB Gerard Michel 0-0: Ground out 5-3 (Groundball, 56S, EV 63.1 MPH)
Bottom of the 2nd over - 0 runs, 1 hit, 0 errors, 1 left on base; Dayton 0 - Atlanta (MID) 0
TOP OF THE 3RD
Dayton Dragons batting - Pitching for Atlanta (MID) Braves : RHP Ruben Valle
Batting: RHB Aaron Barraza 0-0: Called Strike
0-1: SINGLE (Groundball, 4D, EV 102.5 MPH)
Batting: RHB Yutaka Sato 0-0: Called Strike
0-1: Ball
1-1: Ball
2-1: Ball
3-1: SINGLE (Groundball, 56D, EV 102.5 MPH)
Aaron Barraza to second
Batting: RHB Jake Savell 0-0: Ball
1-0: Ball
2-0: Called Strike
2-1: Ball
3-1: Grounds into double play, 4-6-3 (Groundball, 4, EV 101.9 MPH)
Aaron Barraza to third
Batting: LHB Chris Redhead 0-0: Called Strike
0-1: Ball
1-1: Ball
2-1: Called Strike
2-2: Foul Ball, location: 2F
2-2: Ground out 4-3 (Groundball, 4D, EV 96.9 MPH)
Top of the 3rd over - 0 runs, 2 hits, 0 errors, 1 left on base; Dayton 0 - Atlanta (MID) 0
BOTTOM OF THE 3RD
Atlanta (MID) Braves batting - Pitching for Dayton Dragons : RHP Gil Villanueva
Batting: LHB Andres Aldape 0-0: Ball
1-0: Called Strike
1-1: Called Strike
1-2: Ball
2-2: Foul Ball, location: 2F
2-2: Foul Ball, location: 2F
2-2: Strikes out swinging
Batting: LHB Joe Phillips 0-0: Ball
1-0: Ball
2-0: Fly out, F7 (Line Drive, 78S, EV 98.8 MPH)
Batting: RHB Toki Takeuchi 0-0: Ball
1-0: Ball
2-0: Swinging Strike
2-1: Swinging Strike
2-2: Ball
3-2: Strikes out swinging
Bottom of the 3rd over - 0 runs, 0 hits, 0 errors, 0 left on base; Dayton 0 - Atlanta (MID) 0
TOP OF THE 4TH
Dayton Dragons batting - Pitching for Atlanta (MID) Braves : RHP Ruben Valle
Batting: RHB Andy Bachman 0-0: Foul Ball, location: 2F
0-1: Foul Ball, location: 2F
0-2: Ball
1-2: Strikes out swinging
Batting: RHB Juan Zamora 0-0: Called Strike
0-1: Ball
1-1: Swinging Strike
1-2: Ground out 6-3 (Groundball, 6, EV 84.4 MPH)
Batting: LHB Leo Gomez 0-0: Foul Ball, location: 2F
0-1: Ball
1-1: Foul Ball, location: 2F
1-2: Ball
2-2: Strikes out swinging
Top of the 4th over - 0 runs, 0 hits, 0 errors, 0 left on base; Dayton 0 - Atlanta (MID) 0
BOTTOM OF THE 4TH
Atlanta (MID) Braves batting - Pitching for Dayton Dragons : RHP Gil Villanueva
Batting: RHB Badr al Din Ridha 0-0: Ground out 4-3 (Groundball, 4M, EV 100.0 MPH)
Batting: SHB Richello Badua 0-0: Ball
1-0: Foul Ball, location: 2F
1-1: Fly out, F6 (Popup, 6, EV 78.1 MPH)
Batting: LHB Oke Monti 0-0: Foul Ball, location: 2F
0-1: SINGLE (Groundball, 6MD, EV 96.2 MPH)
Batting: LHB Ryan Murdock 0-0: Called Strike
0-1: Ball
1-1: Ground out 6-3 (Groundball, P, EV 91.2 MPH)
Bottom of the 4th over - 0 runs, 1 hit, 0 errors, 1 left on base; Dayton 0 - Atlanta (MID) 0
TOP OF THE 5TH
Dayton Dragons batting - Pitching for Atlanta (MID) Braves : RHP Ruben Valle
Batting: LHB Jeremy Robertson 0-0: Swinging Strike
0-1: Swinging Strike
0-2: Strikes out swinging
Batting: RHB Chris Zamora 0-0: Ball
1-0: Foul Ball, location: 2F
1-1: Ground out 5-3 (Groundball, 56, EV 86.2 MPH)
Batting: RHB Aaron Barraza 0-0: Ball
1-0: Ground out 4-3 (Groundball, 4S, EV 93.8 MPH)
Top of the 5th over - 0 runs, 0 hits, 0 errors, 0 left on base; Dayton 0 - Atlanta (MID) 0
BOTTOM OF THE 5TH
Atlanta (MID) Braves batting - Pitching for Dayton Dragons : RHP Gil Villanueva
Batting: RHB Nick Holsinger 0-0: Called Strike
0-1: Reached on error, E6 (Groundball, 56, EV 102.5 MPH)
Batting: RHB Gerard Michel 0-0: Ground out 5-3 (Groundball, 56, EV 98.8 MPH)
Batting: LHB Andres Aldape 0-0: Called Strike
0-1: Ball
1-1: Ball
2-1: Swinging Strike
2-2: Foul Ball, location: 2F
2-2: Ball
3-2: Strikes out swinging
Batting: LHB Joe Phillips 0-0: Ground out U3 (Groundball, 3L, EV 83.1 MPH)
Bottom of the 5th over - 0 runs, 0 hits, 1 error, 1 left on base; Dayton 0 - Atlanta (MID) 0
TOP OF THE 6TH
Dayton Dragons batting - Pitching for Atlanta (MID) Braves : RHP Ruben Valle
Batting: RHB Yutaka Sato 0-0: Ball
1-0: Swinging Strike
1-1: Foul Ball, location: 2F
1-2: Ball
2-2: Foul Ball, location: 2F
2-2: Foul Ball, location: 2F
2-2: Ground out 6-3 (Groundball, 56, EV 99.4 MPH)
Batting: RHB Jake Savell 0-0: Foul Ball, location: 2F
0-1: SINGLE (Flyball, 9LS, EV 90.6 MPH)
Batting: LHB Chris Redhead 0-0: Called Strike
Jake Savell steals 2nd base
0-1: Ball
1-1: Intentional Walk
Batting: RHB Andy Bachman 0-0: Fielders Choice at 2nd, 4-6 (Groundball, 4M, EV 83.1 MPH)
Jake Savell to third
Batting: RHB Juan Zamora 0-0: Ground out 6-3 (Groundball, 56D, EV 81.9 MPH)
Top of the 6th over - 0 runs, 1 hit, 0 errors, 2 left on base; Dayton 0 - Atlanta (MID) 0
BOTTOM OF THE 6TH
Atlanta (MID) Braves batting - Pitching for Dayton Dragons : RHP Gil Villanueva
Batting: RHB Toki Takeuchi 0-0: Ball
1-0: Foul Ball, location: 2F
1-1: Ball
2-1: SINGLE (Groundball, 56D, EV 110.6 MPH) (infield hit)
Batting: RHB Badr al Din Ridha 0-0: Ball
Toki Takeuchi steals 2nd base
1-0: Foul Ball, location: 2F
1-1: Foul Ball, location: 2F
1-2: Ground out 6-3 (Groundball, 6, EV 102.5 MPH)
Batting: SHB Richello Badua 0-0: Intentional Walk
Batting: LHB Oke Monti 0-0: Called Strike
0-1: Foul Ball, location: 2F
0-2: Foul Ball, location: 2F
0-2: Fly out, F9 (Flyball, 9D, EV 75.6 MPH)
Runner from 2nd tags up, SAFE at 3rd, no throw by RF
Batting: LHB Ryan Murdock 0-0: Foul Ball, location: 2F
0-1: Called Strike
0-2: Strikes out swinging
Bottom of the 6th over - 0 runs, 1 hit, 0 errors, 2 left on base; Dayton 0 - Atlanta (MID) 0
TOP OF THE 7TH
Dayton Dragons batting - Pitching for Atlanta (MID) Braves : RHP Ruben Valle
Batting: LHB Leo Gomez 0-0: Called Strike
0-1: Swinging Strike
0-2: Strikes out swinging
Batting: LHB Jeremy Robertson 0-0: Called Strike
0-1: Ball
1-1: Foul Ball, location: 2F
1-2: Ball
2-2: Ball
3-2: Ground out 3-1 (Groundball, 34S, EV 84.4 MPH)
Batting: RHB Chris Zamora 0-0: Ball
1-0: Foul Ball, location: 2F
1-1: Fly out, F8 (Flyball, 8RS, EV 88.1 MPH)
Top of the 7th over - 0 runs, 0 hits, 0 errors, 0 left on base; Dayton 0 - Atlanta (MID) 0
BOTTOM OF THE 7TH
Atlanta (MID) Braves batting - Pitching for Dayton Dragons : RHP Gil Villanueva
Batting: RHB Nick Holsinger 0-0: Ball
1-0: Ball
2-0: Foul Ball, location: 2F
2-1: Foul Ball, location: 2F
2-2: Strikes out swinging
Batting: RHB Gerard Michel 0-0: Called Strike
0-1: Swinging Strike
0-2: Foul Ball, location: 2F
0-2: Ball
1-2: Foul Ball, location: 2F
1-2: Ball
2-2: Ground out 1-3 (Groundball, 13S, EV 73.1 MPH)
Batting: LHB Andres Aldape 0-0: Ball
1-0: Ground out 1-3 (Groundball, 34S, EV 66.2 MPH)
Bottom of the 7th over - 0 runs, 0 hits, 0 errors, 0 left on base; Dayton 0 - Atlanta (MID) 0
TOP OF THE 8TH
Dayton Dragons batting - Pitching for Atlanta (MID) Braves : RHP Ruben Valle
Pitching: LHP Darius Brown
Batting: RHB Aaron Barraza 0-0: Ball
1-0: Ball
2-0: SINGLE (Groundball, 4M, EV 101.9 MPH)
Batting: RHB Yutaka Sato 0-0: Ball
1-0: Ball
2-0: Called Strike
2-1: Ball
3-1: Foul Ball, location: 2F
3-2: Foul Ball, location: 2F
3-2: Strikes out looking
Batting: RHB Jake Savell 0-0: Ball
1-0: Ball
2-0: Grounds into double play, 6-4-3 (Groundball, 6, EV 106.2 MPH)
Top of the 8th over - 0 runs, 1 hit, 0 errors, 0 left on base; Dayton 0 - Atlanta (MID) 0
BOTTOM OF THE 8TH
Atlanta (MID) Braves batting - Pitching for Dayton Dragons : RHP Gil Villanueva
Batting: LHB Joe Phillips 0-0: Ball
1-0: Ball
2-0: Foul Ball, location: 2F
2-1: Called Strike
2-2: Ball
3-2: Base on Balls
Pitching: RHP Jose Marrero
Batting: RHB Toki Takeuchi 0-0: Bunted foul
0-1: Ball
1-1: Ball
2-1: Sac Bunt to P - play at first, batter OUT! 1-3
Joe Phillips to second
Batting: RHB Badr al Din Ridha 0-0: Ground out 6-3 (Groundball, 6, EV 86.2 MPH)
Batting: SHB Richello Badua 0-0: Swinging Strike
0-1: Ball
1-1: Ball
2-1: Called Strike
2-2: Strikes out swinging
Bottom of the 8th over - 0 runs, 0 hits, 0 errors, 1 left on base; Dayton 0 - Atlanta (MID) 0
TOP OF THE 9TH
Dayton Dragons batting - Pitching for Atlanta (MID) Braves : LHP Darius Brown
Pitching: LHP Justin Hawk
Pinch Hitting: RHB Mark Williams 0-0: Ground out U3 (Groundball, 34, EV 93.8 MPH)
Batting: RHB Andy Bachman 0-0: Called Strike
0-1: Ball
1-1: Ball
2-1: Ground out 6-3 (Groundball, 6, EV 79.4 MPH)
Batting: RHB Juan Zamora 0-0: Ball
1-0: Foul Ball, location: 2F
1-1: Swinging Strike
1-2: SINGLE (Groundball, 34S, EV 65.6 MPH) (infield hit)
Batting: LHB Leo Gomez 0-0: Ball
1-0: Ball
2-0: Fly out, F8 (Flyball, 89XD, EV 104.4 MPH)
Top of the 9th over - 0 runs, 1 hit, 0 errors, 1 left on base; Dayton 0 - Atlanta (MID) 0
BOTTOM OF THE 9TH
Atlanta (MID) Braves batting - Pitching for Dayton Dragons : RHP Jose Marrero
Now in LF: Tim Kirk
Batting: LHB Oke Monti 0-0: Ball
1-0: Foul Ball, location: 2F
1-1: Ball
2-1: Foul Ball, location: 2F
2-2: Fly out, F8 (Line Drive, 8RD, EV 90.0 MPH)
Batting: LHB Ryan Murdock 0-0: Foul Ball, location: 2F
0-1: Ball
1-1: Ball
2-1: Foul Ball, location: 2F
2-2: Ball
3-2: Ground out 6-3 (Groundball, 4M, EV 101.2 MPH)
Batting: RHB Nick Holsinger 0-0: Swinging Strike
0-1: Called Strike
0-2: Strikes out swinging
Bottom of the 9th over - 0 runs, 0 hits, 0 errors, 0 left on base; Dayton 0 - Atlanta (MID) 0
TOP OF THE 10TH
Dayton Dragons batting - Pitching for Atlanta (MID) Braves : LHP Justin Hawk
Batting: LHB Jeremy Robertson 0-0: Called Strike
0-1: Ball
1-1: Foul Ball, location: 2F
1-2: Strikes out swinging
Batting: RHB Chris Zamora 0-0: Ball
1-0: Ball
2-0: Ball
3-0: Base on Balls
Batting: RHB Aaron Barraza 0-0: Called Strike
0-1: SINGLE (Groundball, 34D, EV 97.5 MPH)
Chris Zamora to second
Runner from 2nd tries for 3rd, SAFE, throw by RF made to third
Batting: RHB Yutaka Sato 0-0: Ball
1-0: Ball
2-0: Foul Ball, location: 2F
2-1: DOUBLE (Flyball, 8RXD, EV 103.8 MPH)
Chris Zamora scores
Aaron Barraza to third
Batting: RHB Jake Savell 0-0: Intentional Walk
Pitching: RHP Jeremy Hurley
Batting: LHB Tim Kirk 0-0: Swinging Strike
0-1: Foul Ball, location: 2F
0-2: Ball
1-2: Ball
2-2: Strikes out swinging
Batting: RHB Andy Bachman 0-0: Ball
1-0: Swinging Strike
1-1: Foul Ball, location: 2F
1-2: Foul Ball, location: 2F
1-2: Strikes out looking
Top of the 10th over - 1 run, 2 hits, 0 errors, 3 left on base; Dayton 1 - Atlanta (MID) 0
BOTTOM OF THE 10TH
Atlanta (MID) Braves batting - Pitching for Dayton Dragons : RHP Jose Marrero
Pitching: RHP Juan Hernandez
Now at 1B: Yutaka Sato
Now at SS: Juan Zamora
Now in CF: Gabe Morales
Batting: RHB Gerard Michel 0-0: Ball
1-0: Ground out 6-3 (Groundball, 6, EV 80.6 MPH)
Batting: LHB Andres Aldape 0-0: Ball
1-0: Ball
2-0: Swinging Strike
2-1: SINGLE (Flyball, 4D, EV 95.6 MPH)
Batting: LHB Joe Phillips 0-0: Foul Ball, location: 2F
0-1: Foul Ball, location: 2F
0-2: Fly out, F9 (Line Drive, 9, EV 88.8 MPH)
Batting: RHB Toki Takeuchi 0-0: Called Strike
0-1: Ball
1-1: Ball
2-1: Ball
3-1: Base on Balls
Andres Aldape to second
Batting: RHB Badr al Din Ridha 0-0: Swinging Strike
0-1: Fielders Choice at 2nd, 6-4 (Groundball, 6, EV 76.2 MPH)
Bottom of the 10th over - 0 runs, 1 hit, 0 errors, 2 left on base; Dayton 1 - Atlanta (MID) 0
Tuesday, March 28th , 2023 - OOTP Baseball 23.10 Build 110